 Dungeon Crawl Stone Soup version 0.25.1-2-g60ff931df9 (webtiles) character file.

Game seed: 8460243344829424942

68465 protoss039 the Eclecticist (level 14, -1/84 HPs)
             Began as a Deep Elf Earth Elementalist on Aug 7, 2020.
             Was a High Priest of Sif Muna.
             Slain by a komodo dragon (21 damage)
             ... on level 6 of the Lair of Beasts.
             The game lasted 01:25:40 (28290 turns).

protoss039 the Eclecticist (DEEE)                  Turns: 28290, Time: 01:25:41

Health: -1/84      AC: 10    Str:  5    XL:     14   Next: 86%
Magic:  5/37       EV: 12    Int: 34    God:    Sif Muna [*****.]
Gold:   1873       SH:  7    Dex: 15    Spells: 10/47 levels left

rFire    + . .     SeeInvis +   z - staff of wizardry
rCold    . . .     Gourm    .   L - +2 buckler {AC+3}
rNeg     . . .     Faith    .   A - +0 leather armour of a Million Teeth {MR+ Regen+ Int+5} (curse)
rPois    .         Spirit   .   x - +2 helmet
rElec    +         Reflect  .   m - scarf {repulsion}
rCorr    .         Harm     .   (no gloves)
MR       ++...                  v - +0 pair of boots
Stlth    ++........             (no amulet)
HPRegen  0.64/turn              h - +6 ring of intelligence
MPRegen  0.25/turn              K - ring of Sagha {+Fly rElec rF+ Int-3 SInv}

@: repel missiles
A: no striking features
a: Channel Magic, Forget Spell, Divine Exegesis, Renounce Religion, Evoke Flight


You were on level 6 of the Lair of Beasts.
You worshipped Sif Muna.
Sif Muna was extremely pleased with you.
You were not hungry.

You visited 2 branches of the dungeon, and saw 21 of its levels.
You also visited: Volcano.

You collected 1873 gold pieces.

Inventory:

Hand Weapons
 B - the +8 whip "Rirogya" {pain, Str+2}
   (You found it on level 9 of the Dungeon)

   In the hands of one skilled in necromantic magic, it inflicts extra damage on
   living creatures.
   It affects your strength (+2).
Missiles
 b - 138 stones (quivered)
 u - a throwing net
Armour
 m - a scarf of repulsion (worn)
 v - a +0 pair of boots (worn)
 x - a +2 helmet (worn)
 A - the cursed +0 leather armour of a Million Teeth (worn) {MR+ Regen+ Int+5}
   (You found it on level 6 of the Dungeon)

   It affects your intelligence (+5).
   It affects your resistance to hostile enchantments.
   It increases your rate of regeneration.
   It has a curse placed upon it.
 L - a +2 buckler of protection (worn)
 N - the +1 pair of gloves of the Hippo {Harm rN+ MR- Dex+9}
   (You found it on level 14 of the Dungeon)

   It affects your dexterity (+9).
   It protects you from negative energy.
   It affects your resistance to hostile enchantments.
   It increases damage dealt and taken.
Magical Staves
 z - an uncursed staff of wizardry (weapon)
Jewellery
 h - a +6 ring of intelligence (left hand)
 l - an uncursed ring of protection from magic {unknown}
 y - an uncursed ring of ice
 K - the ring of Sagha (right hand) {+Fly rElec rF+ Int-3 SInv}
   (You acquired it on level 15 of the Dungeon)

   [ring of flight]

   It affects your intelligence (-3).
   It protects you from fire.
   It insulates you from electricity.
   It lets you see invisible.
   It lets you fly.
Wands
 I - a wand of disintegration (26)
 J - a wand of iceblast (17)
 T - a wand of acid (4)
Scrolls
 a - 4 scrolls of blinking
 e - 2 scrolls of enchant armour
 k - 3 scrolls of amnesia
 n - 8 scrolls of teleportation
 s - a scroll of identify
 t - 3 scrolls of magic mapping
 C - 5 scrolls of fear
 D - 3 scrolls of fog
 E - 6 scrolls of remove curse
 Q - a scroll of enchant weapon
Potions
 f - 3 potions of heal wounds {unknown}
 g - 5 potions of might
 i - 2 potions of resistance {unknown}
 j - 3 potions of lignification {unknown}
 o - 8 potions of curing
 p - 5 potions of brilliance
 q - 2 potions of mutation
 r - 2 potions of flight {unknown}
 w - 2 potions of degeneration {unknown}
 F - a potion of magic {unknown}
 G - 5 potions of haste
 H - 2 potions of ambrosia {unknown}
 M - 2 potions of stabbing {unknown}
 S - a potion of cancellation {unknown}
Miscellaneous
 O - a box of beasts
Comestibles
 c - 3 chunks of flesh
 d - 21 rations


   Skills:
 * Level 8.7 Fighting
 - Level 4.0 Armour
 - Level 3.0 Dodging
 - Level 3.0 Stealth
 - Level 4.0 Shields
 + Level 17.2 Spellcasting
 * Level 6.9 Conjurations
 * Level 2.3 Necromancy
 * Level 7.4 Transmutations
 - Level 2.0 Air Magic
 + Level 14.2 Earth Magic
 - Level 2.0 Poison Magic
 * Level 10.8 Invocations


You had 10 spell levels left.
You knew the following spells:

 Your Spells              Type           Power        Failure   Level  Hunger
a - Sandblast             Erth           ######       0%          1    None
b - Passwall              Tmut/Erth      #######.     1%          2    None
c - Stone Arrow           Conj/Erth      ######       1%          3    None
d - Petrify               Tmut/Erth      #######.     1%          4    None
e - Lee's Rapid Deconstr  Erth           #######...   1%          5    None
f - Borgnjor's Vile Clut  Necr/Erth      ######....   1%          5    None
g - Statue Form           Tmut/Erth      #######..    1%          6    None
h - Iron Shot             Conj/Erth      #######...   1%          6    None
j - Mephitic Cloud        Conj/Pois/Air  ######..     1%          3    None
k - Swiftness             Chrm/Air       #####...     1%          2    None

Your spell library contained the following spells:

 Spells                   Type           Power        Failure   Level  Hunger
 Corona                   Hex            ####...      1%          1    None
 Magic Dart               Conj           ####         1%          1    None
 Shock                    Conj/Air       ####         1%          1    None
 Sting                    Tmut/Pois      ####         1%          1    None
 Blink                    Tloc           N/A          1%          2    None
 Call Imp                 Summ           ####....     1%          2    None
 Corpse Rot               Necr/Air       N/A          1%          2    None
 Poisonous Vapours        Pois/Air       #####.       1%          2    None
 Searing Ray              Conj           ######       1%          2    None
 Slow                     Hex            ####....     1%          2    None
 Song of Slaying          Chrm           ####....     1%          2    None
 Conjure Flame            Conj/Fire      ######..     1%          3    None
 Dazzling Flash           Conj/Hex       ######       1%          3    None
 Static Discharge         Conj/Air       ######..     1%          3    None
 Fulminant Prism          Conj/Hex       ######....   1%          4    None
 Iskenderun's Mystic Bla  Conj/Tloc      ######..     1%          4    None
 Leda's Liquefaction      Hex/Erth       ######....   1%          4    None
 Confusing Touch          Hex            ####....     2%          3    None
 Gell's Gravitas          Tloc           ####......   2%          3    None
 Inner Flame              Hex/Fire       ####....     2%          3    None
 Portal Projectile        Hex/Tloc       ####..       2%          3    None
 Airstrike                Air            #####.....   3%          4    None
 Lightning Bolt           Conj/Air       ######....   3%          5    None
 Yara's Violent Unravell  Hex/Tmut       ######....   4%          5    None
 Iskenderun's Battlesphe  Conj/Chrm      ######..     5%          5    None
 Hydra Form               Tmut           ######....   6%          6    None
 Cause Fear               Hex            ####......   9%          4    None
 Eringya's Noxious Bog    Tmut/Pois      ######....   17%         6    None
 Conjure Ball Lightning   Conj/Air       ######....   19%         6    None
 Metabolic Englaciation   Hex/Ice        ####......   22%         5    None
 Summon Forest            Summ/Tloc      ####......   22%         5    None
 Starburst                Conj/Fire      ######....   28%         6    None
 Freezing Cloud           Conj/Ice/Air   #####.....   32%         6    None
 Orb of Destruction       Conj           ######....   34%         7    ###....
 Lehudib's Crystal Spear  Conj/Erth      #######...   52%         8    #####..
 Shatter                  Erth           #######...   90%         9    ######.
 Ring of Flames           Chrm/Fire      ####......   99%         7    ###....
 Summon Hydra             Summ           ####......   99%         7    ###....


Dungeon Overview and Level Annotations

Branches:
Dungeon (15/15)            Temple (0/1) D:6            Lair (6/6) D:9
  Swamp (0/4) Lair:2       Spider (0/4) Lair:2        Slime (0/5) Lair:5
    Orc (0/2) D:11         Vaults (0/5) D:13         Depths (0/5) D:15
Volcano (visited)

Altars:
Ashenzari
Dithmenos
Gozag
Hepliaklqana
Kikubaaqudgha
Qazlal
Sif Muna
Trog
Uskayaw
Xom

Shops:
D:5 }

Annotations:
D:11 3 runed translucent doors
Lair:4 1 exclusion


Message History

b - 139 stones The komodo dragon bites you!!
* * * LOW HITPOINT WARNING * * *
Casting: Sandblast (safe; 0% risk of failure)
Confirm with . or Enter, or press ? or * to list all spells.
Aiming: Sandblast (safe; 0% risk of failure)
Press: ? - help, Shift-Dir - straight line, f/p - komodo dragon
Aim: a komodo dragon (almost dead)
The blast of sand hits the komodo dragon but does no damage.
The komodo dragon is almost dead.
b - 138 stones The komodo dragon bites you!
* * * LOW HITPOINT WARNING * * *
Unknown command.
Unknown command.
Okay, then.
You feel better. You block the komodo dragon's attack.
Unknown command.
You feel better. The komodo dragon bites you!!
You die...

### #### ### #.## ####
#..#####..P.##..##..##...####
.............................
.P...# .P##@l..รท.###..P#
...# ### ##.##.#.# P.#
.#########.### #####.# #.. .
..P.#........###.#P#l##.#..##
.............................
.####.....#....#......#..#...
## #....#.#..#.#.##...### P#
#..#.##.....###...## .#
#.#..##.#...## #...#


You could see a komodo dragon.

Vanquished Creatures
  Rupert (Lair:4)
  Azrael (D:12)
  A dire elephant (D:15)
  2 vault guards (D:13)
  3 hydras
  Fannar (D:12)
  4 centaur warriors
  6 two-headed ogres
  A hell hog (Volcano)
  10 death yaks (Lair:5)
  3 tengu warriors
  Urug (Lair:5)
  A fire crab (Volcano)
  An unseen horror (D:12)
  Pikel (D:4)
  5 deep elf magi
  10 ugly things
  2 oklob plants (Lair:3)
  3 cyclopes
  2 manticores (D:10)
  A salamander (D:15)
  A black mamba (Lair:2)
  A black mamba (shapeshifter) (D:15)
  A torpor snail (Lair:6)
  A moth of wrath (D:9)
  Joseph (D:7)
  2 molten gargoyles (Volcano)
  12 spiny frogs
  A yaktaur (D:15)
  2 rime drakes (Lair:4)
  4 centaur skeletons
  A kobold demonologist (D:10)
  3 komodo dragons
  A jumping spider (Lair:2)
  2 trolls
  2 hornets
  Grinder (D:3)
  5 hippogriffs
  4 slime creatures
  11 blink frogs
  3 shadows
  Sigmund (D:6)
  3 redbacks (Lair:2)
  A wraith (D:15)
  3 fire elementals (D:12)
  24 yaks
  5 wyverns
  A basilisk (Lair:4)
  14 fire bats
  Eustachio (D:5)
  6 humans (D:13)
  2 steam dragons
  2 hungry ghosts
  2 vampire mosquitoes (D:13)
  8 water moccasins
  3 hell hounds (D:12)
  2 black bears
  8 porcupines
  4 sky beasts
  4 orc warriors
  2 eyes of draining
  5 ice beasts
  2 phantoms
  A hornet zombie (D:15)
  A slave (D:4)
  A necrophage (D:11)
  10 centaurs
  3 ogres
  9 wolves
  15 crocodiles
  4 big kobolds
  15 bullfrogs
  Blork the orc (D:5)
  6 wyvern zombies
  A wyvern skeleton (D:13)
  4 scorpions
  5 killer bees (D:9)
  4 wights (D:6)
  5 howler monkeys
  5 lava snakes (Volcano)
  7 crimson imps
  A centaur zombie (D:7)
  11 jellies
  7 hounds
  6 orc priests
  5 bullfrog skeletons
  8 orc wizards
  2 iguanas
  7 worker ants
  A killer bee zombie (D:7)
  A hound skeleton (D:10)
  2 worker ant zombies
  3 gnolls (D:3)
  17 adders
  A howler monkey skeleton (D:11)
  2 shadow imps
  6 oozes
  4 adder zombies
  7 worms
  A dart slug (D:2)
  7 leopard geckos
  52 orcs
  12 bats
  8 giant cockroaches
  10 goblins
  3 hobgoblins
  6 jackals
  3 quokkas
  A ball python (D:4)
  5 frilled lizards
  21 kobolds
  2 leopard gecko skeletons
  A leopard gecko zombie (D:5)
  7 rats
  4 fungi
553 creatures vanquished.

Vanquished Creatures (others)
  A vault guard (D:13)
  3 humans (D:13)
  A water moccasin (Lair:5)
  52 fungi
  21 plants
78 creatures vanquished.

Grand Total: 631 creatures vanquished

Notes
Turn   | Place    | Note
-------+----------+-------------------------------------------
     0 | D:1      | protoss039 the Deep Elf Earth Elementalist began the quest
                  | for the Orb.
     0 | D:1      | Reached XP level 1. HP: 10/10 MP: 6/6
   267 | D:1      | Reached XP level 2. HP: 15/15 MP: 6/8
  1070 | D:2      | Reached XP level 3. HP: 19/19 MP: 6/9
  1116 | D:2      | Learned a level 2 spell: Passwall
  1120 | D:2      | Learned a level 3 spell: Stone Arrow
  1146 | D:2      | Found a hazy altar of Hepliaklqana.
  1405 | D:2      | Reached skill level 4 in Spellcasting
  2037 | D:3      | Reached XP level 4. HP: 22/24 MP: 8/12
  2411 | D:3      | Found a shimmering blue altar of Sif Muna.
  2423 | D:3      | Became a worshipper of Sif Muna the Loreminder
  2503 | D:3      | Noticed Grinder
  2750 | D:3      | Killed Grinder
  2750 | D:3      | Reached skill level 1 in Fighting
  2750 | D:3      | Reached skill level 5 in Spellcasting
  2750 | D:3      | Reached skill level 5 in Earth Magic
  2750 | D:3      | Reached skill level 1 in Invocations
  2750 | D:3      | Reached XP level 5. HP: 29/29 MP: 10/15
  2750 | D:3      | Reached XP level 6. HP: 34/34 MP: 10/16
  2756 | D:3      | Learned a level 4 spell: Petrify
  2762 | D:3      | Learned a level 5 spell: Lee's Rapid Deconstruction
  3108 | D:4      | Noticed a wyvern
  3113 | D:4      | Killed a wyvern
  3113 | D:4      | Reached skill level 6 in Spellcasting
  3186 | D:4      | Found a stormy altar of Qazlal.
  3202 | D:4      | Reached XP level 7. HP: 35/39 MP: 11/19
  3299 | D:4      | Reached * piety under Sif Muna
  3378 | D:4      | Found an opulent altar of Gozag.
  3546 | D:4      | Noticed Pikel
  3601 | D:4      | Killed Pikel
  3601 | D:4      | Reached skill level 8 in Spellcasting
  3601 | D:4      | Reached skill level 1 in Conjurations
  3601 | D:4      | Reached XP level 8. HP: 8/45 MP: 1/22
  3954 | D:5      | Entered Level 5 of the Dungeon
  3982 | D:5      | Noticed Blork the orc
  3988 | D:5      | Killed Blork the orc
  4163 | D:5      | Noticed Eustachio
  4167 | D:5      | Killed Eustachio
  4475 | D:5      | Found Ifyneabi's Gadget Shop.
  5082 | D:6      | Reached skill level 9 in Spellcasting
  5519 | D:6      | Found a shimmering altar of Xom.
  5604 | D:6      | Found a hide-covered altar of Uskayaw.
  5610 | D:6      | Reached XP level 9. HP: 45/51 MP: 12/24
  5700 | D:6      | Noticed Sigmund
  5708 | D:6      | Killed Sigmund
  5837 | D:6      | Found a shimmering altar of Xom.
  5950 | D:6      | Reached ** piety under Sif Muna
  6051 | D:6      | Reached skill level 10 in Spellcasting
  6057 | D:6      | Reached skill level 5 in Invocations
  6105 | D:6      | Found a staircase to the Ecumenical Temple.
  6108 | D:6      | Got a polished leather armour
  6955 | D:7      | Noticed Joseph
  6962 | D:7      | Killed Joseph
  7261 | D:7      | Reached *** piety under Sif Muna
  8033 | D:7      | Learned a level 3 spell: Mephitic Cloud
  8070 | D:8      | Noticed a two-headed ogre
  8082 | D:8      | Reached XP level 10. HP: 55/58 MP: 19/26
  8178 | D:8      | Reached skill level 11 in Spellcasting
  8359 | D:8      | Killed a two-headed ogre
  8359 | D:8      | Reached skill level 1 in Air Magic
  8359 | D:8      | Reached skill level 1 in Poison Magic
  8433 | D:8      | Found an ancient bone altar of Kikubaaqudgha.
  9026 | D:8      | Identified the cursed +0 leather armour of a Million Teeth
                  | {MR+ Regen+ Int+5} (You found it on level 6 of the Dungeon)
  9036 | D:9      | Reached skill level 1 in Armour
  9162 | D:9      | Reached **** piety under Sif Muna
  9230 | D:9      | Noticed a two-headed ogre
  9237 | D:9      | Killed a two-headed ogre
  9754 | D:9      | Reached skill level 5 in Fighting
 10003 | D:9      | Reached XP level 11. HP: 63/63 MP: 12/28
 10114 | D:9      | Found a staircase to the Lair.
 10118 | D:9      | Reached skill level 10 in Earth Magic
 10121 | D:9      | Reached skill level 12 in Spellcasting
 10313 | D:9      | Found a stormy altar of Qazlal.
 10339 | D:9      | Reached ***** piety under Sif Muna
 10341 | D:9      | Found a bloodstained altar of Trog.
 10358 | D:9      | Got a steaming whip
 10360 | D:9      | Identified the +8 whip "Rirogya" {pain, Str+2} (You found
                  | it on level 9 of the Dungeon)
 10608 | D:10     | Entered Level 10 of the Dungeon
 10764 | D:10     | Noticed a tengu warrior
 10765 | D:10     | Noticed a cyan ugly thing
 10765 | D:10     | Noticed a white ugly thing
 10766 | D:10     | Noticed a two-headed ogre
 10775 | D:10     | Paralysed by a hornet for 2 turns
 11164 | D:10     | Identified Sif Muna's Incunabulum of Dusty Talismans (Sif
                  | Muna gifted it to you on level 10 of the Dungeon)
 11164 | D:10     | Received a gift from Sif Muna
 11201 | D:10     | Learned a level 6 spell: Statue Form
 11299 | D:10     | Killed a tengu warrior
 11380 | D:10     | Reached skill level 1 in Shields
 11648 | D:10     | Killed a cyan ugly thing
 11665 | D:10     | Killed a cyan ugly thing
 11810 | D:10     | Killed a two-headed ogre
 12054 | D:11     | Found a staircase to the Orcish Mines.
 12061 | D:11     | Noticed a green ugly thing
 12203 | D:11     | Noticed a purple ugly thing
 12213 | D:11     | Killed a purple ugly thing
 12213 | D:11     | Reached skill level 13 in Spellcasting
 12353 | D:11     | Noticed a centaur warrior
 12357 | D:11     | Killed a centaur warrior
 12531 | D:11     | Killed a purple ugly thing
 12681 | D:11     | Found a shattered altar of Ashenzari.
 12862 | D:11     | Noticed a two-headed ogre
 12867 | D:11     | Killed a two-headed ogre
 12867 | D:11     | Reached XP level 12. HP: 69/69 MP: 20/31
 13064 | D:11     | Found a runed translucent gate.
 13064 | D:11     | Found a runed translucent gate.
 13090 | D:11     | Noticed a centaur warrior
 13094 | D:11     | Killed a centaur warrior
 13209 | D:11     | Found a runed translucent gate.
 13856 | D:12     | Noticed Azrael
 14247 | D:12     | Killed Azrael
 14264 | D:12     | Noticed Fannar
 14508 | D:12     | Killed Fannar
 14733 | D:12     | Reached skill level 14 in Spellcasting
 14839 | D:12     | Reached skill level 5 in Conjurations
 15623 | D:13     | Noticed a centaur warrior
 15634 | D:13     | Killed a centaur warrior
 16075 | D:13     | Noticed a two-headed ogre
 16081 | D:13     | Killed a two-headed ogre
 16332 | D:13     | Noticed a vault guard
 16346 | D:13     | Killed a vault guard
 16392 | D:13     | Killed a vault guard
 16850 | D:13     | Found a shadowy altar of Dithmenos.
 16969 | D:13     | Noticed a vault guard
 17050 | D:13     | Killed a vault guard
 17074 | D:13     | Reached XP level 13. HP: 76/76 MP: 13/33
 17121 | D:13     | Reached skill level 5 in Transmutations
 17194 | D:13     | Found a gate to the Vaults.
 17509 | D:14     | Got a pair of polished gloves
 17515 | D:14     | Identified the +1 pair of gloves of the Hippo {Harm rN+ MR-
                  | Dex+9} (You found it on level 14 of the Dungeon)
 17917 | D:15     | Entered Level 15 of the Dungeon
 17918 | D:15     | Identified a scroll of acquirement
 17919 | D:15     | Acquired the ring of Sagha {+Fly rElec rF+ Int-3 SInv}
 17995 | D:15     | Identified Quuqa's Handbook of Confrontation (Sif Muna
                  | gifted it to you on level 15 of the Dungeon)
 17995 | D:15     | Received a gift from Sif Muna
 18220 | D:15     | Reached skill level 15 in Spellcasting
 18334 | D:14     | Learned a level 6 spell: Iron Shot
 19570 | D:15     | Noticed a dire elephant
 19664 | D:15     | Found a staircase to the Depths.
 19704 | D:15     | Killed a dire elephant
 20214 | Lair:1   | Entered Level 1 of the Lair of Beasts
 20928 | Lair:1   | You fall into a shaft and drop 1 floor!
 20930 | Lair:2   | Found a staircase to the Swamp.
 21153 | Lair:2   | Reached skill level 16 in Spellcasting
 21153 | Lair:2   | Reached skill level 10 in Invocations
 21794 | Lair:2   | Found a hole to the Spider Nest.
 22757 | Lair:3   | Reached XP level 14. HP: 84/84 MP: 20/36
 24206 | Lair:4   | Identified Housanuo's Volume of Dusty Moulding (Sif Muna
                  | gifted it to you on level 4 of the Lair of Beasts)
 24206 | Lair:4   | Received a gift from Sif Muna
 24484 | Lair:4   | Found a dark tunnel.
 24591 | Volcano  | Entered a volcano
 24897 | Volcano  | Found a radiant altar of Vehumet.
 25772 | Lair:4   | Noticed Rupert
 25781 | Lair:4   | Killed Rupert
 25796 | Lair:4   | Learned a level 5 spell: Borgnjor's Vile Clutch
 25800 | Lair:4   | Learned a level 2 spell: Swiftness
 26915 | Lair:5   | Reached skill level 1 in Necromancy
 26916 | Lair:5   | Reached skill level 17 in Spellcasting
 27389 | Lair:5   | Found a staircase to the Slime Pits.
 27408 | Lair:5   | Noticed Urug
 27443 | Lair:5   | Killed Urug
 28140 | Lair:6   | Entered Level 6 of the Lair of Beasts
 28233 | Lair:6   | Received a gift from Sif Muna
 28288 | Lair:6   | HP: 3/84 [komodo dragon (17)]
 28290 | Lair:6   | Slain by a komodo dragon

Illustrated notes

Levels and vault maps discovered:
D:1:      dpeg_arrival_simpleton_c, layout_rooms
D:2:      layout_basic, nicolae_overflow_crystal_walls
D:3:      layout_rooms, lemuel_coloured_pillars_altar, first_ration,
          uniq_grinder
D:4:      layout_basic, marbit_many_paths, kennysheep_little_box, uniq_pikel
D:5:      layout_basic, serial_shops, nicolae_shop_crystal, uniq_blork_the_orc,
          uniq_eustachio
D:6:      layout_basic, overflow_temple_1_default, xom_butterflies,
          minmay_temple_entry_waves, kennysheep_flooded_box, uniq_sigmund
D:7:      layout_loops_corners, uniq_joseph
D:8:      layout_cave_pools, lemuel_round_altar, hangedman_little_slice_of_home
D:9:      layout_loops_ring, tgw_trog, due_lair_maze_entry_diamond,
          nicolae_qazlal_style_of_elements
D:10:     layout_roguey, minivault_28
D:11:     layout_loops_corners, david_orc_2,
          ploomutoo_gammafunk_ghost_potion_laboratory, evilmike_ruin_ashenzari
D:12:     layout_stronghold, uniq_fannar, uniq_azrael
D:13:     layout_cave_pods, ximxim_vaults_locker_room, grunt_dithmenos_smoke
D:14:     layout_rooms, minmay_misc_feat_room
D:15:     hangedman_depths_entry_try_elsewhere_first, layout_loops_ring,
          minmay_misc_feat_roman, chequers_arboretum
Lair:1:   layout_layer_cave
Lair:2:   layout_regular_city, swamp_mist, spider_nest_entry_funnel_web
Lair:3:   layout_cave_pods, minmay_lair_oklob_chamber
Lair:4:   layout_layer_cave, nicolae_volcano_entry_batcave, st_stairs_7,
          uniq_rupert
Lair:5:   layout_cave_pods, nicolae_slime_entry_slimehenge, uniq_urug
Lair:6:   evilmike_catoblepas_cave, layout_small_grid,
          grunt_forest_large_clearing_hut

Skill      XL: |  1  2  3  4  5  6  7  8  9 10 11 12 13 14 |
---------------+-------------------------------------------+-----
Dodging        | 3 |  3.0
Stealth        | 3 |  3.0
Earth Magic    | 4 5 6 7 9 11 12 13 14 | 14.2
Spellcasting   | 4 5 6 8 9 10 11 13 14 16 17 | 17.2
Fighting       | 1 2 3 4 5 7 8 |  8.7
Invocations    | 1 2 3 4 5 6 7 8 10 | 10.8
Conjurations   | 1 2 3 4 5 6 |  6.9
Air Magic      | 2 |  2.0
Poison Magic   | 2 |  2.0
Armour         | 4 |  4.0
Shields        | 4 |  4.0
Transmutations | 2 4 6 7 |  7.4
Necromancy     | 2 |  2.3

Action                   |  1- 3 |  4- 6 |  7- 9 | 10-12 | 13-15 || total
-------------------------+-------+-------+-------+-------+-------++-------
Melee: Unarmed           |    26 |       |       |       |       ||    26
       Club              |    21 |       |       |       |       ||    21
       Dagger            |     1 |    20 |       |       |       ||    21
       Whip              |       |       |    12 |    17 |       ||    29
       Short sword       |       |       |       |     5 |       ||     5
       Staff             |       |       |       |       |     4 ||     4
 Cast: Sandblast         |    45 |    48 |    80 |   124 |   159 ||   456
       Stone Arrow       |       |     2 |   109 |   117 |   129 ||   357
       Lee's Rapid Decon |       |     1 |     5 |   107 |   125 ||   238
       Petrify           |       |       |       |    19 |     9 ||    28
       Passwall          |       |       |       |     1 |     3 ||     4
       Mephitic Cloud    |       |       |       |       |     7 ||     7
       Iron Shot         |       |       |       |       |     9 ||     9
       Borgnjor's Vile C |       |       |       |       |     8 ||     8
Invok: Channel Magic     |       |       |       |     1 |       ||     1
 Abil: Evoke Flight      |       |       |       |       |     2 ||     2
       Stop Flying       |       |       |       |       |     1 ||     1
  Use: Scroll            |       |       |    10 |     5 |     5 ||    20
       Potion            |       |       |       |       |     2 ||     2
 Stab: Sleeping          |     4 |       |       |       |       ||     4
       Distracted        |       |       |       |     1 |       ||     1
  Eat: Chunk             |     3 |     4 |    15 |    21 |    28 ||    71
       Ration            |       |       |       |     2 |     2 ||     4
Armor: Robe              |    22 |     8 |     5 |       |       ||    35
       Leather armour    |       |       |       |    14 |    35 ||    49
Dodge: Dodged            |    64 |    45 |    25 |    53 |    95 ||   282
       Repelled          |       |     6 |       |    16 |     7 ||    29
Block: Buckler           |       |       |       |    21 |    56 ||    77
